 Dungeon Crawl Stone Soup version 0.30.1 (webtiles) character file.

Game seed: 2528872619969918900

446 LynnLen the Covert (level 6, -7/28 HPs)
             Began as a Spriggan Enchanter on July 12, 2023.
             Was an Initiate of Dithmenos.
             Killed by divine providence
             ... invoked by an orc priest
              (13 damage)
             ... on level 4 of the Dungeon.
             The game lasted 00:09:58 (3766 turns).

LynnLen the Covert (Spriggan Enchanter)             Turns: 3766, Time: 00:09:59

Health: -7/28      AC:  2    Str:  4    XL:     6   Next: 73%
Magic:  7/11       EV: 17    Int: 16    God:    Dithmenos [......]
Gold:   241        SH:  0    Dex: 18    Spells: 2/10 levels left

rFire   . . .        a - +1 dagger
rCold   + . .        (no shield)
rNeg    . . .        b - +0 robe
rPois   .            (helmet restricted)
rElec   .            (no cloak)
rCorr   .            (gloves unavailable)
SInv    +            (boots unavailable)
Will    +....        (no amulet)
Stlth   ++++         f - ring of protection from cold
HPRegen 0.24/turn    (no ring)
MPRegen 0.12/turn

%: no passive effects
@: very slightly contaminated, very quick
A: very small, no large weapons, unfitting armour, see invisible, speed 3
a: Renounce Religion


You were on level 4 of the Dungeon.
You worshipped Dithmenos.
Dithmenos was noncommittal.
You visited 2 branches of the dungeon, and saw 5 of its levels.

You collected 313 gold pieces.
You spent 72 gold pieces at shops.

Inventory:

Hand Weapons
 a - a +1 dagger (weapon)
 j - a +1 antimagic short sword
Armour
 b - a +0 robe (worn)
Jewellery
 f - a ring of protection from cold (left hand)
Wands
 k - a wand of polymorph (5)
 n - a wand of light (3)
Scrolls
 h - a scroll of teleportation
 o - 5 scrolls of immolation {unknown}
 p - a scroll of blinking {unknown}
 q - a scroll of silence {unknown}
 r - a scroll of torment {unknown}
 s - a scroll of poison {unknown}
 t - a scroll of enchant armour {unknown}
Potions
 c - a potion of invisibility
 d - 3 potions of flight
 e - 3 potions of curing
 g - a potion of lignification {unknown}
 i - a potion of berserk rage {unknown}
 l - a potion of haste {unknown}
 m - a potion of attraction


   Skills:
 + Level 3.4 Short Blades
 - Level 2.6 Dodging
 * Level 8.4 Stealth
 - Level 2.6 Spellcasting
 + Level 5.2 Hexes
 + Level 1.9 Ice Magic
 + Level 0.6 Invocations


You had 2 spell levels left.
You knew the following spells:

 Your Spells              Type           Power      Damage    Failure   Level
a - Ensorcelled Hibernat  Hex/Ice        26%        N/A       7%          2
b - Confusing Touch       Hex            18%        N/A       7%          3
c - Tukima's Dance        Hex            18%        N/A       7%          3

Your spell library contained the following spells:

 Spells                   Type           Power      Damage    Failure   Level
 Sting                    Tmut/Pois      8%         1d3       19%         1
 Poisonous Vapours        Pois/Air       4%         N/A       28%         2
 Dazzling Flash           Conj/Hex       20%        N/A       21%         3
 Inner Flame              Hex/Fire       10%        N/A       21%         3
 Summon Ice Beast         Ice/Summ       5%         N/A       78%         4
 Flame Wave               Conj/Fire      2%         2d4       88%         4
 Olgreb's Toxic Radiance  Pois           2%         N/A       88%         4
 Sticky Flame             Conj/Fire      2%         2d3       88%         4
 Summon Mana Viper        Hex/Summ       10%        N/A       88%         5
 Alistair's Intoxication  Tmut/Pois      1%         N/A       99%         5
 Borgnjor's Vile Clutch   Necr/Erth      1%         N/A       99%         5
 Eringya's Noxious Bog    Tmut/Pois      1%         N/A       100%        6
 Monstrous Menagerie      Summ           1%         N/A       100%        7


Dungeon Overview and Level Annotations

Branches:
Dungeon (4/15)             Temple (1/1) D:4

Altars:
Ashenzari
Dithmenos
Fedhas
Gozag
Hepliaklqana
Kikubaaqudgha
Nemelex Xobeh
Okawaru
Qazlal
Ru
Sif Muna
Trog
Uskayaw
Vehumet
Wu Jian
Zin
The Shining One

Shops:
D:1 *


Innate Abilities, Weirdness & Mutations

You are very small and have problems with some larger weapons.
You are too small for most types of armour.
You have supernaturally acute eyesight. (SInv)
You cover ground extremely quickly. (Speed+++)


Message History

You strike the helpless orc priest from behind!
You impale the orc priest!!
You kill the orc priest!
Dithmenos accepts your kill.
Things that are here:
a +0 mace; a +0 leather armour You hit the orc priest.
The orc priest is lightly wounded.
The orc priest closely misses you.
You strike the helpless orc priest from behind!
You impale the orc priest!!
You kill the orc priest!
Dithmenos accepts your kill.
o - 5 scrolls labelled PEVAUDD NANUW (gained 1)
You see here a +0 club.
t - a scroll labelled VARINI AMPOWI You now have 241 gold pieces (gained 28).
Things that are here:
a +0 flail; a +0 ring mail; an orc corpse You flicker for a moment.
Aiming: Ensorcelled Hibernation (safe; 7% risk of failure)
Press: ? - help, Q - select action, (/) - cycle Shift-Dir - straight line, f - orc priest
Aim: an orc priest, wielding a +0 flail and wearing a +0 leather armour (wandering, unable to see you, hasn't noticed you, chance to affect: 47%)
The orc priest resists with some effort.
You flicker back into view.
Aiming: Ensorcelled Hibernation (safe; 7% risk of failure)
Press: ? - help, Q - select action, (/) - cycle Shift-Dir - straight line, f/p - orc priest
Aim: an orc priest, wielding a +0 flail and wearing a +0 leather armour (chance to affect: 47%)
You miscast Ensorcelled Hibernation.
You are very lightly contaminated with residual magic.
Nothing appears to happen.
The orc priest misses you.
You barely miss the orc priest. You closely miss the orc priest.
The orc priest hits you with a +0 flail!
* * * LOW HITPOINT WARNING * * *
You hit the orc priest but do no damage.
The orc priest calls down the wrath of Beogh upon you.
Beogh smites you!
You die...

###.........## #............#
##.....##....# #...........#
###.........######
##................#
#.................####
###....#.......##†..#.###
#......o@..###..#...#...#
#....).....####.......#..
#####...#......#_≈#.#)##..#..
##......##......#.##.#....)...
#...............#.'....)..##..
####.......#.#.....#.##.##...#...
...#.......###.....#_§#..#.......
...........o......#####.##.......
.#<...o^............##..###.#....


You could see an orc priest.

Vanquished Creatures
  A black bear (D:4)
  A scorpion (D:3)
  A hound (D:4)
  2 orc priests (D:4)
  A sleepcap (D:4)
  Jessica (D:2)
  An orc wizard (D:4)
  6 adders
  A worm (D:2)
  2 dart slugs (D:2)
  2 orcs (D:4)
  3 endoplasms
  6 giant cockroaches
  7 goblins
  5 hobgoblins
  4 jackals
  5 kobolds
  2 quokkas (D:4)
  8 ball pythons
  6 bats
  3 frilled lizards
  9 rats
77 creatures vanquished.

Notes
Turn   | Place    | Note
-------+----------+-------------------------------------------
     0 | D:1      | LynnLen the Spriggan Enchanter began the quest for the Orb.
     0 | D:1      | Reached XP level 1. HP: 9/9 MP: 5/5
   451 | D:1      | Reached skill level 5 in Stealth
   451 | D:1      | Reached XP level 2. HP: 6/13 MP: 6/6
   612 | D:1      | Found Teohu's General Store.
   760 | D:1      | Found a faded altar of an unknown god.
  1044 | D:1      | Bought a scroll of teleportation for 36 gold pieces
  1205 | D:2      | Reached XP level 3. HP: 16/16 MP: 8/8
  1254 | D:1      | Learned a level 2 spell: Ensorcelled Hibernation
  1258 | D:1      | Learned a level 3 spell: Confusing Touch
  1583 | D:2      | Noticed Jessica
  1593 | D:2      | Killed Jessica
  1594 | D:2      | Reached skill level 6 in Stealth
  1594 | D:2      | Reached XP level 4. HP: 13/21 MP: 9/9
  1891 | D:1      | Bought a potion of attraction for 36 gold pieces
  1960 | D:3      | Learned a level 3 spell: Tukima's Dance
  2630 | D:4      | Reached skill level 1 in Ice Magic
  2636 | D:4      | Noticed a scorpion
  2762 | D:3      | Killed a scorpion
  2763 | D:3      | Reached skill level 7 in Stealth
  2763 | D:3      | Reached XP level 5. HP: 17/24 MP: 6/10
  3054 | D:4      | Noticed a black bear
  3061 | D:4      | Killed a black bear
  3062 | D:4      | Reached skill level 5 in Hexes
  3062 | D:4      | Reached XP level 6. HP: 28/28 MP: 11/11
  3175 | D:4      | Found a staircase to the Ecumenical Temple.
  3180 | Temple   | Entered the Ecumenical Temple
  3187 | Temple   | Became a worshipper of Dithmenos the Shadowed
  3357 | D:4      | Reached skill level 8 in Stealth
  3521 | D:4      | Found a bloodstained altar of Trog.
  3521 | D:4      | Found a blossoming altar of Fedhas.
  3766 | D:4      | Killed from afar by an orc priest

Illustrated notes

Levels and vault maps discovered:
D:1:      mrwooster_arrival_arrow, layout_loops_corners, serial_shops, shop,
          ebering_ecumenical_altar_box
D:2:      layout_rooms, dreamdust_princess_bridge, minmay_misc_feat_x,
          grunt_ministairs_3, uniq_jessica
D:3:      layout_basic, st_stairs_14, moated_statue
D:4:      layout_cave_pools, gammafunk_temple_overflow_elements,
          minmay_temple_entry_grid, kennysheep_small_square
Temple:   nicolae_temple_no_exploring_needed

Skill      XL: |  1  2  3  4  5  6 |
---------------+-------------------+-----
Stealth        | 5 6 7 8 |  8.4
Hexes          | 4 5 |  5.2
Short Blades   | 2 3 |  3.4
Ice Magic      | 1 |  1.9
Dodging        | |  2.6
Spellcasting   | |  2.6
Invocations    | |  0.6

Action                     |  1- 3 |  4- 6 || total
---------------------------+-------+-------++-------
  Melee: Dagger            |    99 |   180 ||   279
         Punch             |     1 |       ||     1
   Cast: Ensorcelled Hiber |     3 |    13 ||    16
         Confusing Touch   |       |     3 ||     3
    Use: Scroll            |     2 |       ||     2
         Potion            |       |     2 ||     2
   Stab: Sleeping          |    11 |    14 ||    25
         Invisible         |       |     3 ||     3
         Confused          |       |     1 ||     1
 Armour: Robe              |    11 |    21 ||    32
  Dodge: Dodged            |    59 |   122 ||   181
